 Dungeon Crawl Stone Soup version 0.29.1-2-gbd0b4ee654 (webtiles) character file.

Game seed: 7149857239654839644

496 Avanven the Insei (level 7, -19/52 HPs)
             Began as a Gnoll Transmuter on Nov 8, 2022.
             Demolished by an ogre
             ... wielding a +0 giant club
              (35 damage)
             ... on level 5 of the Dungeon.
             The game lasted 00:10:16 (3838 turns).

Avanven the Insei (Gnoll Transmuter)                Turns: 3838, Time: 00:10:16

Health: -19/52     AC:  2    Str: 10    XL:     7   Next: 15%
Magic:  12/15      EV: 22    Int: 14    God:
Gold:   112        SH:  0    Dex: 17    Spells: 11/17 levels left

rFire   . . .      SeeInvis .     - Unarmed
rCold   . . .      Faith    .   (shield currently unavailable)
rNeg    . . .      Spirit   .   (body armour currently unavailable)
rPois   x          Reflect  .   (helmet currently unavailable)
rElec   .          Harm     .   (cloak currently unavailable)
rCorr   .          Rampage  .   (gloves currently unavailable)
Will    .....                   (boots currently unavailable)
Stlth   ++........              (no amulet)
HPRegen 0.17/turn               (no ring)
MPRegen 0.14/turn               (no ring)

@: spider-form
A: venomous fangs, tiny, (fangs 1), strong nose, distributed training
a: End Transformation


You were on level 5 of the Dungeon.
You were a venomous arachnid creature.
You visited 1 branch of the dungeon, and saw 5 of its levels.

You collected 112 gold pieces.

Inventory:

Missiles
 h - 2 throwing nets
Armour
 a - a +0 robe (melded)
 j - a +0 pair of gloves (melded)
Wands
 o - a wand of paralysis (8)
Scrolls
 c - 2 scrolls of immolation
 d - 3 scrolls of teleportation
 f - 2 scrolls of amnesia
 p - 2 scrolls of fog {unknown}
 r - a scroll of enchant armour {unknown}
Potions
 b - a potion of lignification
 e - a potion of brilliance
 g - a potion of curing {unknown}
 i - 3 potions of haste {unknown}
 k - a potion of cancellation {unknown}
 l - a potion of might {unknown}
 m - a potion of berserk rage {unknown}
 n - a potion of ambrosia {unknown}
 q - a potion of heal wounds {unknown}


   Skills:
 + Level 3.5 Fighting
 + Level 2.4 Short Blades
 + Level 2.4 Long Blades
 + Level 2.4 Axes
 + Level 2.4 Maces & Flails
 + Level 2.4 Polearms
 + Level 2.4 Staves
 + Level 2.4 Ranged Weapons
 + Level 2.4 Throwing
 + Level 2.4 Armour
 + Level 5.2 Dodging
 + Level 2.4 Stealth
 + Level 2.4 Shields
 + Level 7.0 Unarmed Combat
 + Level 5.6 Spellcasting
 + Level 2.0 Conjurations
 + Level 2.0 Hexes
 + Level 2.0 Summonings
 + Level 2.0 Necromancy
 + Level 2.0 Translocations
 + Level 4.3 Transmutations
 + Level 2.0 Fire Magic
 + Level 2.0 Ice Magic
 + Level 2.0 Air Magic
 + Level 2.0 Earth Magic
 + Level 2.0 Poison Magic
 + Level 2.6 Invocations
 + Level 2.4 Evocations


You had 11 spell levels left.
You knew the following spells:

 Your Spells              Type           Power      Damage    Failure   Level
a - Beastly Appendage     Tmut           30%        N/A       10%         1
b - Wereblood             Tmut           15%        N/A       13%         2
c - Spider Form           Tmut/Pois      12%        N/A       32%         3

Your spell library contained the following spells:

 Spells                   Type           Power      Damage    Failure   Level
 Passwall                 Tmut/Erth      10%        N/A       19%         2
 Apportation              Tloc           18%        N/A       21%         1
 Necrotise                Necr           36%        1d5       21%         1
 Summon Small Mammal      Summ           36%        N/A       21%         1
 Ensorcelled Hibernation  Hex/Ice        18%        N/A       26%         2
 Ignite Poison            Fire/Tmut/Pois 11%        N/A       34%         3
 Mephitic Cloud           Conj/Pois/Air  9%         N/A       43%         3
 Swiftness                Air            9%         N/A       43%         3
 Ice Form                 Ice/Tmut       12%        N/A       63%         4
 Freezing Cloud           Conj/Ice/Air   4%         6-21      97%         5


Dungeon Overview and Level Annotations

Branches:
Dungeon (5/15)
 Temple: D:4-7

Altars:


Innate Abilities, Weirdness & Mutations

You are a venomous arachnid creature.
You have poisonous fangs.
You are tiny and dextrous.
Your spellcasting is less reliable in this form.
Your armour is entirely melded.
You are incapable of wielding weapons or throwing items.
((You have very sharp teeth.))
Your uncanny sense of smell can sniff out nearby items.
Your experience applies equally to all skills.


Message History

Unknown command.
Unknown command.
Casting: Beastly Appendage (safe; 2% risk of failure)
Confirm with . or Enter, or press ? or * to list all spells.
Okay, then.
You start resting.
Your transformation is almost over.
Your horns disappear.
Your talons disappear.
Magic restored.
You aren't carrying any pieces of jewellery.
You grow a pair of large bovine horns.
Your feet morph into talons.
Casting: Beastly Appendage (safe; 2% risk of failure)
Confirm with . or Enter, or press ? or * to list all spells.
Okay, then.
Okay, then.
An ogre comes into view. It is wielding a +0 giant club.
Okay, then.
Casting: Beastly Appendage (safe; 2% risk of failure)
Confirm with . or Enter, or press ? or * to list all spells.
Your horns disappear.
Your talons disappear.
You turn into a venomous arachnid creature.
Your +0 pair of gloves melds into your body.
Your +0 robe melds into your body.
The ogre shouts!
You hit the ogre.
The ogre is poisoned.
The ogre is lightly wounded.
The ogre hits you with a +0 giant club!!
Ouch! That really hurt!
* * * LOW HITPOINT WARNING * * *
You are too injured to fight recklessly!
You hit the ogre.
The ogre looks as sick as possible!
The ogre is heavily wounded.
Things that are here:
a +0 dagger; a +0 robe The ogre attacks as you move away!
The ogre closely misses you.
You hit the ogre.
The ogre looks as sick as possible!
The ogre is almost dead.
The ogre hits you with a +0 giant club!!
Ouch! That really hurt!
You die...

...#...########
........# .........
. ......... ..
......... ...
∆......... ..
....$..
#.#######>.##...
####....#sO.(....$.
.....$.))).#..###.#
.#########.#.....
#.#.......
#.†.#.....
#.........
..#.#..... ###.#
.... ∆ .# ..


You could see an ogre (extremely poisoned).

Vanquished Creatures
  Sigmund (D:2)
  A black bear (D:5)
  An orc priest (D:5)
  An iguana (D:5)
  2 orc wizards
  2 adders
  A river rat (D:4)
  4 worms
  A dart slug (D:2)
  11 orcs
  7 ball pythons
  5 endoplasms
  3 giant cockroaches
  7 goblins
  6 hobgoblins
  8 jackals
  A quokka (D:1)
  5 bats (D:1)
  5 frilled lizards
  5 kobolds
  10 rats
87 creatures vanquished.

Notes
Turn   | Place    | Note
-------+----------+-------------------------------------------
     0 | D:1      | Avanven the Gnoll Transmuter began the quest for the Orb.
     0 | D:1      | Reached XP level 1. HP: 17/17 MP: 6/6
   158 | D:1      | Reached XP level 2. HP: 23/23 MP: 5/7
   172 | D:1      | Learned a level 2 spell: Wereblood
   422 | D:1      | Reached skill level 5 in Spellcasting
   422 | D:1      | Reached XP level 3. HP: 28/28 MP: 5/9
   742 | D:1      | Reached skill level 1 in Invocations
   835 | D:1      | Found a faded altar of an unknown god.
   848 | D:2      | Learned a level 3 spell: Spider Form
  1038 | D:2      | Noticed Sigmund
  1051 | D:2      | Killed Sigmund
  1052 | D:2      | Reached skill level 1 in Short Blades
  1052 | D:2      | Reached skill level 1 in Long Blades
  1052 | D:2      | Reached skill level 1 in Axes
  1052 | D:2      | Reached skill level 1 in Maces & Flails
  1052 | D:2      | Reached skill level 1 in Polearms
  1052 | D:2      | Reached skill level 1 in Staves
  1052 | D:2      | Reached skill level 1 in Ranged Weapons
  1052 | D:2      | Reached skill level 1 in Throwing
  1052 | D:2      | Reached skill level 1 in Armour
  1052 | D:2      | Reached skill level 1 in Stealth
  1052 | D:2      | Reached skill level 1 in Shields
  1052 | D:2      | Reached skill level 1 in Conjurations
  1052 | D:2      | Reached skill level 1 in Hexes
  1052 | D:2      | Reached skill level 1 in Summonings
  1052 | D:2      | Reached skill level 1 in Necromancy
  1052 | D:2      | Reached skill level 1 in Translocations
  1052 | D:2      | Reached skill level 1 in Fire Magic
  1052 | D:2      | Reached skill level 1 in Ice Magic
  1052 | D:2      | Reached skill level 1 in Air Magic
  1052 | D:2      | Reached skill level 1 in Earth Magic
  1052 | D:2      | Reached skill level 1 in Poison Magic
  1052 | D:2      | Reached skill level 1 in Evocations
  1052 | D:2      | Reached XP level 4. HP: 35/35 MP: 8/11
  1052 | D:2      | Reached XP level 5. HP: 41/41 MP: 8/12
  1342 | D:2      | You fall into a shaft and drop 2 floors!
  1633 | D:3      | Reached XP level 6. HP: 47/47 MP: 9/13
  2327 | D:3      | Identified the +8 chain mail of Erghor {Str+2 Stlth+}
  2822 | D:4      | Reached skill level 5 in Dodging
  3733 | D:5      | Entered Level 5 of the Dungeon
  3783 | D:5      | Noticed a black bear
  3794 | D:5      | Killed a black bear
  3795 | D:5      | Reached skill level 7 in Unarmed Combat
  3795 | D:5      | Reached XP level 7. HP: 49/52 MP: 11/15
  3838 | D:5      | Demolished by an ogre

Illustrated notes

Levels and vault maps discovered:
D:1:      dpeg_arrival_morbid_curiosity, layout_rooms,
          hellmonk_ecumenical_altar_leap_of_faith
D:2:      layout_rooms, grunt_ministairs_4, uniq_sigmund
D:3:      layout_loops_corners
D:4:      layout_basic, portal_sewer_entry_e, chequers_serial_rivers_room_a
D:5:      layout_rooms, mainiacjoe_overflow_swirl, ebering_ghost_inner_flame,
          uniq_menkaure

Skill      XL: |  1  2  3  4  5  6  7 |
---------------+----------------------+-----
Spellcasting   | 5 |  5.6
Invocations    | 2 |  2.6
Fighting       | 3 |  3.5
Short Blades   | 1 2 |  2.4
Long Blades    | 1 2 |  2.4
Axes           | 1 2 |  2.4
Maces & Flails | 1 2 |  2.4
Polearms       | 1 2 |  2.4
Staves         | 1 2 |  2.4
Ranged Weapons | 1 2 |  2.4
Throwing       | 1 2 |  2.4
Armour         | 1 2 |  2.4
Stealth        | 1 2 |  2.4
Shields        | 1 2 |  2.4
Conjurations   | 1 2 |  2.0
Hexes          | 1 2 |  2.0
Summonings     | 1 2 |  2.0
Necromancy     | 1 2 |  2.0
Translocations | 1 2 |  2.0
Transmutations | 4 |  4.3
Fire Magic     | 1 2 |  2.0
Ice Magic      | 1 2 |  2.0
Air Magic      | 1 2 |  2.0
Earth Magic    | 1 2 |  2.0
Poison Magic   | 1 2 |  2.0
Evocations     | 1 2 |  2.4
Dodging        | 5 |  5.2
Unarmed Combat | 7 |  7.0

Action                   |  1- 3 |  4- 6 |  7- 9 || total
-------------------------+-------+-------+-------++-------
Melee: Unarmed           |    81 |   109 |     6 ||   196
       Kick              |    14 |     1 |       ||    15
       Headbutt          |     5 |       |     1 ||     6
       Bite              |     2 |     1 |       ||     3
       Punch             |     3 |       |       ||     3
 Cast: Beastly Appendage |    14 |     6 |     2 ||    22
       Wereblood         |     3 |     2 |       ||     5
       Spider Form       |     1 |    20 |     1 ||    22
  Use: Scroll            |       |     7 |       ||     7
 Stab: Sleeping          |       |     2 |       ||     2
Armor: Robe              |    19 |     2 |       ||    21
       Skin              |     1 |     4 |       ||     5
Dodge: Dodged            |    60 |    70 |     2 ||   132
